 Dungeon Crawl Stone Soup version 0.20-a0-492-g6327889 (webtiles) character file.

8636 RogueShenanigans the Infuser (level 10, -3/69 HPs)
             Began as a Demigod Conjurer on Jan 15, 2017.
             Slain by a river rat (6 damage)
             ... summoned by Gastronok
             ... on level 9 of the Dungeon.
             The game lasted 00:31:38 (12278 turns).

RogueShenanigans the Infuser (Demigod Conjurer)    Turns: 12278, Time: 00:31:38

Health: -3/69      AC:  7    Str: 11    XL:     10   Next: 89%
Magic:  14/25      EV: 12    Int: 25    God:
Gold:   204        SH:  4    Dex: 16    Spells: 12/24 levels left

rFire    . . .     SeeInvis .   h - +1 dagger (drain)
rCold    . . .     Gourm    .   a - +0 robe
rNeg     . . .     Faith    .   (no shield)
rPois    +         Spirit   .   (no helmet)
rElec    .         Reflect  +   F - +1 cloak
rCorr    .         Harm     .   (no gloves)
MR       +....                  (no boots)
Stlth    ++........             f - +4 amulet of reflection
Regen    0.2/turn               N - ring of poison resistance
                                v - +3 ring of protection

@: exhausted, slowed, very slow
A: high mp 1
a: no special abilities


You were on level 9 of the Dungeon.
You were hungry.

You visited 1 branch of the dungeon, and saw 9 of its levels.

You collected 424 gold pieces.
You spent 220 gold pieces at shops.

Inventory:

Hand Weapons
 h - a +1 dagger of draining (weapon)
Armour
 a - a +0 robe (worn)
 j - a +0 cloak
 F - a +1 cloak (worn)
Jewellery
 e - an uncursed ring of fire
 f - a +4 amulet of reflection (around neck)
 k - an uncursed ring of ice
 t - a +4 amulet of reflection
 v - a +3 ring of protection (left hand)
 I - an uncursed ring of protection from fire
 N - a ring of poison resistance (right hand)
 S - an uncursed amulet of faith {unknown}
Wands
 B - a wand of acid (7/15)
 J - a wand of flame (21/48)
 P - a wand of digging (8/24)
 Q - a wand of iceblast (8/15)
 T - a wand of iceblast (4/15)
Scrolls
 g - 5 scrolls of identify
 o - 3 scrolls of random uselessness {unknown}
 q - 2 scrolls of teleportation {unknown}
 r - 2 scrolls of immolation {unknown}
 y - 2 scrolls of enchant armour {unknown}
 z - 2 scrolls of amnesia {unknown}
 C - 6 scrolls of recharging {unknown}
 D - a scroll of fear {unknown}
 G - 2 scrolls of magic mapping {unknown}
 H - 4 scrolls of remove curse
Potions
 d - 2 potions of berserk rage
 i - 2 potions of ambrosia {unknown}
 l - 3 potions of curing {unknown}
 m - 3 potions of agility {unknown}
 p - 2 potions of magic {unknown}
 s - 3 potions of brilliance {unknown}
 u - 3 potions of resistance {unknown}
 w - 4 potions of mutation {unknown}
 x - 3 potions of flight {unknown}
 E - 5 potions of heal wounds {unknown}
 K - 3 potions of might {unknown}
Books
 b - a book of Conjurations

   Spells                             Type                      Level
   a - Magic Dart                     Conjuration                  1
   b - Searing Ray                    Conjuration                  2
   c - Dazzling Spray                 Conjuration/Hexes            3
   d - Fulminant Prism                Conjuration/Hexes            4
   e - Iskenderun's Mystic Blast      Conjuration                  4
   f - Iskenderun's Battlesphere      Conjuration/Charms           5
 M - a book of Maledictions

   Spells                             Type                      Level
   a - Corona                         Hexes                        1
   b - Ensorcelled Hibernation        Hexes/Ice                    2
   c - Confuse                        Hexes                        3
   d - Tukima's Dance                 Hexes                        3
   e - Dazzling Spray                 Conjuration/Hexes            3
 U - a book of Battle

   Spells                             Type                      Level
   a - Infusion                       Charms                       1
   b - Shroud of Golubria             Charms/Translocation         2
   c - Song of Slaying                Charms                       2
   d - Spectral Weapon                Hexes/Charms                 3
   e - Regeneration                   Charms/Necromancy            3
Comestibles
 c - 5 bread rations
 n - 8 beef jerkies
 A - 2 fruits
 L - a slice of pizza
 O - 2 meat rations


   Skills:
 - Level 1.7 Dodging
 - Level 1.7 Stealth
 + Level 7.7 Spellcasting
 + Level 9.8 Conjurations
 * Level 10.2 Charms


You had 12 spell levels left.
You knew the following spells:

 Your Spells              Type           Power        Failure   Level  Hunger
a - Magic Dart            Conj           ####         1%          1    None
b - Searing Ray           Conj           ######       1%          2    None
c - Iskenderun's Mystic   Conj           ######..     1%          4    ##.....
d - Iskenderun's Battles  Conj/Chrm      ######..     3%          5    #####..


Dungeon Overview and Level Annotations

Branches:
Dungeon (9/15)             Temple (0/1) D:4            Lair (0/6) D:8
    Orc: D:9-12

Shops:
D:7 =

Annotations:
D:7 Graouh's ghost, novice MiFi
D:9 Gastronok


Innate Abilities, Weirdness & Mutations

You have an increased reservoir of magic. (+10% MP)


Message History

The bat hits you but does no damage. You block the bat's attack.
The bat hits you but does no damage. The bat hits you.
* * * LOW HITPOINT WARNING * * *
The bat barely misses you. You block the bat's attack.
You hit the bat. You drain the bat!
You kill the bat!
The bat's corpse disappears in a puff of smoke!
The bat hits you but does no damage. x2; The bat hits you.
* * * LOW HITPOINT WARNING * * *
The bat hits you but does no damage. The river rat misses you.
The bat closely misses you. The bat misses you.
The bat hits you but does no damage. You block the bat's attack.
The river rat closely misses you.
Gastronok's eyestalks quiver as he mumbles some strange words.
The bat disappears in a puff of smoke!
The bat closely misses you. The bat misses you.
There is a stone staircase leading up, spattered with blood here.
The bat barely misses you. The river rat bites you.
You die...

......#.....................#....
......#############.#########....
....#######..# #.# #####
....#........# #.# .##.#........#
#.# .##.#.<......# #.#
....#.#####..# ###
#####.##.##..######
............ยง...@.#
........b.....br..#
..................#
########w########################
..........b......................
...##......................[.....
...##............................
....w.........############.......
w................................


You could see a river rat and a bat.

Vanquished Creatures
  2 two-headed ogres (D:9)
  Joseph (D:9)
  2 hornets
  A troll (D:9)
  Prince Ribbit (D:7)
  4 hippogriffs (D:9)
  Sigmund (D:4)
  5 yaks (D:9)
  Edmund (D:5)
  3 ice beasts
  2 porcupines (D:8)
  3 orc warriors
  An eye of draining (D:9)
  2 necrophages
  2 phantoms (D:5)
  2 ogres
  3 centaurs
  2 big kobolds
  7 bullfrogs
  A gnoll sergeant (D:5)
  A wyvern skeleton (D:5)
  2 scorpions
  12 killer bees
  8 wights
  A howler monkey (D:8)
  A crimson imp (D:9)
  6 hounds
  3 jellies
  2 orc wizards
  3 orc priests
  Crazy Yiuf (D:6)
  3 bullfrog skeletons
  3 iguanas
  11 worker ants
  2 hound skeletons
  A worker ant zombie (D:8)
  7 gnolls
  A howler monkey skeleton (D:4)
  7 adders
  An ooze (D:1)
  2 adder skeletons
  2 adder zombies (D:9)
  A worm (D:2)
  2 dart slugs
  3 leopard geckos
  15 orcs
  8 bats
  8 giant cockroaches
  4 goblins
  6 hobgoblins
  2 jackals (D:2)
  17 kobolds
  2 quokkas
  6 frilled lizards
  A leopard gecko zombie (D:6)
  A quokka skeleton (D:4)
  3 rats
205 creatures vanquished.

Vanquished Creatures (others)
  A centaur (D:5)
  4 fungi (D:8)
5 creatures vanquished.

Grand Total: 210 creatures vanquished

Notes
Turn   | Place    | Note
-------+----------+-------------------------------------------
     0 | D:1      | RogueShenanigans the Demigod Conjurer began the quest for the Orb.
     0 | D:1      | Reached XP level 1. HP: 14/14 MP: 5/5
   102 | D:1      | Reached XP level 2. HP: 20/20 MP: 0/7
   106 | D:1      | Learned a level 2 spell: Searing Ray
   836 | D:2      | Found a bloodstained altar of Trog.
  1010 | D:2      | Reached XP level 3. HP: 26/26 MP: 5/9
  2367 | D:3      | Found a sacrificial altar of Ru.
  2433 | D:4      | Reached XP level 4. HP: 33/33 MP: 7/11
  2470 | D:4      | Learned a level 4 spell: Iskenderun's Mystic Blast
  2629 | D:4      | Found a glowing silver altar of Zin.
  2671 | D:4      | Found a staircase to the Ecumenical Temple.
  2897 | D:4      | Noticed an ogre
  2903 | D:4      | Killed an ogre
  2903 | D:4      | Reached skill level 5 in Conjurations
  2903 | D:4      | Reached XP level 5. HP: 38/38 MP: 4/13
  3012 | D:4      | Found a burning altar of Makhleb.
  3302 | D:4      | Noticed a hand axe
  3303 | D:4      | Noticed a hand axe
  3373 | D:4      | Found a hide-covered altar of Uskayaw.
  3381 | D:4      | Noticed Sigmund
  3741 | D:4      | Reached XP level 6. HP: 43/45 MP: 9/14
  3940 | D:4      | Killed Sigmund
  3952 | D:4      | Learned a level 5 spell: Iskenderun's Battlesphere
  4373 | D:5      | Entered Level 5 of the Dungeon
  4377 | D:5      | Reached skill level 1 in Charms
  4409 | D:5      | Reached XP level 7. HP: 23/50 MP: 7/16
  4532 | D:5      | Reached skill level 2 in Charms
  4640 | D:5      | Found a glowing golden altar of the Shining One.
  5052 | D:5      | Reached skill level 3 in Charms
  5159 | D:5      | Noticed Edmund
  5167 | D:5      | Killed Edmund
  5373 | D:5      | Reached skill level 4 in Charms
  5373 | D:5      | Reached XP level 8. HP: 54/57 MP: 0/18
  5731 | D:5      | Reached skill level 5 in Spellcasting
  6320 | D:6      | Reached skill level 5 in Charms
  6389 | D:6      | Found a runed door.
  6393 | D:6      | Noticed Crazy Yiuf
  6397 | D:6      | Killed Crazy Yiuf
  7102 | D:6      | Found a blossoming altar of Fedhas.
  7105 | D:6      | Found a white marble altar of Elyvilon.
  7108 | D:6      | Found a radiant altar of Vehumet.
  7174 | D:7      | Noticed Graouh's ghost (novice MiFi)
  7349 | D:7      | Reached skill level 6 in Charms
  7738 | D:7      | Found a hazy altar of Hepliaklqana.
  7855 | D:7      | Noticed Prince Ribbit
  7858 | D:7      | Killed Prince Ribbit
  8047 | D:7      | Reached XP level 9. HP: 62/62 MP: 14/21
  8333 | D:7      | Found Witeego's Jewellery Shoppe.
  8341 | D:7      | Bought an uncursed ring of poison resistance for 220 gold pieces
  8708 | D:8      | Reached skill level 7 in Charms
  9201 | D:8      | Found a staircase to the Lair.
  9407 | D:8      | Reached skill level 8 in Charms
 10378 | D:9      | Reached XP level 10. HP: 66/69 MP: 16/24
 10817 | D:9      | Noticed a two-headed ogre
 10824 | D:9      | Killed a two-headed ogre
 10824 | D:9      | Reached skill level 9 in Charms
 11049 | D:9      | Noticed a two-headed ogre
 11053 | D:9      | Killed a two-headed ogre
 11649 | D:9      | Noticed Joseph
 11653 | D:9      | Killed Joseph
 11653 | D:9      | Reached skill level 10 in Charms
 11934 | D:9      | Noticed Gastronok
 12267 | D:9      | HP: 2/69 [river rat[Gastronok] (10)]
 12273 | D:9      | HP: 2/69 [bat[Gastronok] (1)]
 12278 | D:9      | Slain by a river rat

Vault maps used:
D:1:      minmay_arrival_doors
D:2:      bloody_trog
D:3:      lemuel_coloured_pillars_altar
D:4:      lightli_temple_of_fire, zin_statuary, dancing_weapons_uskayaw,
          first_bread, uniq_sigmund
D:5:      old_standard_altar, kennysheep_generic_room_15, uniq_edmund
D:6:      grunt_temple_overflow_diamond, uniq_crazy_yiuf_cottage
D:7:      kennysheep_mini_moat, serial_shops, shop, uniq_prince_ribbit1
D:8:      grunt_lair_entry_orc_guard_hut
D:9:      grunt_ogre_cave, uniq_joseph, uniq_gastronok

Skill      XL: |  1  2  3  4  5  6  7  8  9 10 |
---------------+-------------------------------+-----
Spellcasting   | 2 3 4 5 6 7 |  7.7
Conjurations   | 4 5 6 7 8 9 |  9.8
Charms         | 1 4 6 8 10 | 10.2
Dodging        | |  1.7
Stealth        | |  1.7

Action                   |  1- 3 |  4- 6 |  7- 9 | 10-12 || total
-------------------------+-------+-------+-------+-------++-------
Melee: Dagger            |       |     1 |    16 |     2 ||    19
 Cast: Magic Dart        |    99 |    45 |   166 |    60 ||   370
       Searing Ray       |     2 |    13 |    58 |    14 ||    87
       Iskenderun's Myst |       |     1 |    29 |    13 ||    43
       Iskenderun's Batt |       |       |     2 |    12 ||    14
  Use: Scroll            |     2 |       |       |       ||     2
       Potion            |       |       |       |     1 ||     1
 Stab: Sleeping          |       |     1 |       |       ||     1
  Eat: Chunk             |     5 |     2 |    15 |     5 ||    27
       Bread ration      |       |     1 |     1 |     1 ||     3
       Pizza             |       |       |     1 |       ||     1
Armor: Robe              |     6 |     5 |    43 |    39 ||    93
Dodge: Dodged            |    13 |    23 |    85 |    55 ||   176
Block: Other             |       |     5 |    20 |    23 ||    48
       Reflection        |       |     2 |     2 |       ||     4
